 Dungeon Crawl Stone Soup version 0.19.1 (webtiles) character file.

818 KarmaPolice the Charmwright (level 7, -2/54 HPs)
             Began as a Vampire Skald on Nov 26, 2016.
             Slain by Philosophy's ghost (14 damage)
             ... on level 6 of the Dungeon.
             The game lasted 00:14:25 (7427 turns).

KarmaPolice the Charmwright (Vampire Skald)         Turns: 7427, Time: 00:14:26

Health: -2/54      AC:  0    Str: 12    XL:     7   Next: 62%
Magic:  7/13       EV: 18    Int: 15    God:
Gold:   157        SH:  0    Dex: 19    Spells: 4 memorised, 6 levels left

rFire  . . .     SeeInvis +     (weapon currently unavailable)
rCold  + . .     Gourm    .     (armour currently unavailable)
rNeg   + + .     Faith    .     (shield currently unavailable)
rPois  +         Spirit   .     (helmet currently unavailable)
rElec  .         Reflect  .     (cloak currently unavailable)
rCorr  .         Harm     .     (gloves currently unavailable)
MR     .....                    (boots currently unavailable)
Stlth  ++++......               G - amulet of magic regeneration
                                (ring currently unavailable)
                                (ring currently unavailable)

@: bat-form, infused, flying, regenerating slowly, very quick
A: fangs 3, see invisible, (unbreathing)
a: End Transformation


You were on level 6 of the Dungeon.
You were thirsty.
You were in vampire-bat-form.
You visited 1 branch of the dungeon, and saw 6 of its levels.

You collected 157 gold pieces.

Inventory:

Hand Weapons
 a - a +0 falchion
 z - a +0 vampiric hand axe
 D - a +1 whip of venom
 H - the cursed +3 whip "Deschint" (melded) {elec, rElec}
   (You found it on level 6 of the Dungeon)

   Occasionally, upon striking a foe, it will discharge some electrical energy
   and cause terrible harm.
   It insulates you from electricity.
   It has a curse placed upon it.
Armour
 b - a +0 leather armour (melded)
 v - a +0 cloak (melded)
 B - a +0 helmet (melded)
 F - a +2 pair of gloves (melded)
Jewellery
 G - an amulet of magic regeneration (around neck)
Wands
 C - a wand of flame (27/48)
Scrolls
 f - 3 scrolls of remove curse
 h - 3 scrolls of fear {unknown}
 j - a scroll of identify
 k - 4 scrolls of recharging {unknown}
 m - 2 scrolls of teleportation {unknown}
 n - 2 scrolls of fog {unknown}
 p - a scroll of immolation {unknown}
 r - a scroll of enchant weapon {unknown}
 s - a scroll of random uselessness {unknown}
 w - 3 scrolls of magic mapping {unknown}
 y - 2 scrolls of blinking {unknown}
Potions
 d - 15 potions of blood
 e - 3 potions of invisibility
 g - 3 potions of flight
 i - 2 potions of might {unknown}
 l - 3 potions of lignification {unknown}
 o - a potion of berserk rage {unknown}
 q - 4 potions of curing {unknown}
 t - a potion of magic {unknown}
 u - 2 potions of agility {unknown}
 x - a potion of cure mutation {unknown}
 A - a potion of resistance {unknown}
 E - a potion of heal wounds {unknown}
Books
 c - a book of Battle

   Spells                             Type                      Level
   a - Infusion                       Charms                       1
   b - Shroud of Golubria             Charms/Translocation         2
   c - Song of Slaying                Charms                       2
   d - Spectral Weapon                Hexes/Charms                 3
   e - Regeneration                   Charms/Necromancy            3


   Skills:
 + Level 4.1 Fighting
 - Level 3.6 Long Blades
 - Level 0.6 Axes
 - Level 0.7 Armour
 - Level 1.1 Dodging
 + Level 4.3 Spellcasting
 - Level 4.4 Charms
 + Level 3.5 Necromancy
 + Level 1.9 Evocations


You had 6 spell levels left.
You knew the following spells:

 Your Spells              Type           Power        Failure   Level  Hunger
a - Infusion              Chrm           ###.         2%          1    None
b - Shroud of Golubria    Chrm/Tloc      #.........   12%         2    ##.....
c - Song of Slaying       Chrm           ###.....     4%          2    ##.....
d - Regeneration          Chrm/Necr      ###.......   12%         3    ###....


Dungeon Overview and Level Annotations

Branches:
Dungeon (6/15)
 Temple: D:4-7

Altars:
Gozag

Shops:
D:2 *

Annotations:
D:5 Frank's ghost, novice GrGl
D:6 Philosophy's ghost, novice HOFi


Innate Abilities, Weirdness & Mutations

You heal slowly.
You have razor-sharp teeth.
You have supernaturally acute eyesight. (SInv)
((You can survive without breathing.))


Message History

Philosophy's ghost misses you.
You hit Philosophy's ghost.
Philosophy's ghost is moderately damaged.
Philosophy's ghost hits you!!
* * * LOW HITPOINT WARNING * * *
You hit Philosophy's ghost.
There is a sudden explosion of sparks!
Philosophy's ghost is heavily damaged.
Philosophy's ghost hits you.
* * * LOW HITPOINT WARNING * * *
You fail to use your ability.
Philosophy's ghost hits you but does no damage.
Unknown command.
You turn into a vampire bat.
The cursed +3 whip "Deschint" {elec, rElec} melds into your body.
Your +0 cloak melds into your body.
Your +0 helmet melds into your body.
Your +2 pair of gloves melds into your body.
Your +0 leather armour melds into your body.
The cursed +3 whip "Deschint" {elec, rElec} stops crackling.
Philosophy's ghost hits you!
You die...

...#
#######.######.#
...# #........#
...# ##.####..#
#.# ..#
####.####..#
#..........#
#####..........#
.....'........!.#
.#####..bW....#.#
#.......%# #
#....$...#
#........#
#........#
######..## #.# (.
#.#


You could see Philosophy's ghost.

Vanquished Creatures
  Eustachio (D:4)
  A phantom (D:3)
  A centaur (D:5)
  3 howler monkeys
  A crimson imp (D:3)
  2 bullfrog zombies
  A hound (D:2)
  A worker ant (D:3)
  Robin (D:4)
  3 gnolls (D:4)
  7 adders
  3 oozes
  An adder zombie (D:6)
  2 worms (D:2)
  A dart slug (D:3)
  4 leopard geckos
  5 orcs
  A ball python (D:3)
  7 giant cockroaches
  17 goblins
  8 hobgoblins
  18 jackals
  3 kobolds
  2 quokkas
  9 bats
  5 frilled lizards
  2 quokka skeletons
  9 rats
119 creatures vanquished.

Notes
Turn   | Place    | Note
-------+----------+-------------------------------------------
     0 | D:1      | KarmaPolice the Vampire Skald began the quest for the Orb.
     0 | D:1      | Reached XP level 1. HP: 16/16 MP: 3/3
    90 | D:1      | Reached XP level 2. HP: 21/22 MP: 5/5
    94 | D:1      | Learned a level 2 spell: Shroud of Golubria
    97 | D:1      | Learned a level 2 spell: Song of Slaying
   690 | D:1      | Reached XP level 3. HP: 27/27 MP: 6/6
   944 | D:2      | Found an opulent altar of Gozag.
  2362 | D:2      | Reached XP level 4. HP: 21/33 MP: 3/8
  2619 | D:2      | You fall through a shaft!
  2760 | D:2      | Learned a level 3 spell: Regeneration
  3118 | D:2      | Found Gozag's Platinum Reserve.
  3604 | D:2      | Reached XP level 5. HP: 32/39 MP: 9/9
  3870 | D:3      | You fall through a shaft!
  3870 | D:4      | Noticed Robin
  4215 | D:3      | Reached skill level 1 in Necromancy
  4234 | D:3      | Noticed a phantom
  4681 | D:3      | Killed a phantom
  4681 | D:3      | Reached XP level 6. HP: 39/46 MP: 2/11
  5723 | D:4      | Killed Robin
  6195 | D:4      | Noticed Eustachio
  6330 | D:4      | Killed Eustachio
  6330 | D:4      | Reached skill level 1 in Evocations
  6330 | D:4      | Reached XP level 7. HP: 50/53 MP: 7/13
  6429 | D:5      | Entered Level 5 of the Dungeon
  6605 | D:5      | Noticed Frank's ghost (novice GrGl)
  7395 | D:6      | Got an iridescent whip
  7396 | D:6      | Identified the cursed +3 whip "Deschint" {elec, rElec} (You found it on level 6 of the Dungeon)
  7411 | D:6      | Noticed Philosophy's ghost (novice HOFi)
  7427 | D:6      | Slain by Philosophy's ghost

Skill      XL: |  1  2  3  4  5  6  7 |
---------------+----------------------+-----
Fighting       | 2 3 4 |  4.1
Charms         | 4 |  4.4
Long Blades    | 3 |  3.6
Spellcasting   | 3 4 |  4.3
Necromancy     | 1 2 3 |  3.5
Evocations     | 1 |  1.9
Axes           | |  0.6
Armour         | |  0.7
Dodging        | |  1.1

Action                   |  1- 3 |  4- 6 |  7- 9 || total
-------------------------+-------+-------+-------++-------
Melee: Falchion          |    94 |   158 |     7 ||   259
       Bite              |     9 |    22 |     6 ||    37
       Unarmed           |       |    20 |     2 ||    22
       Hand axe          |       |    67 |       ||    67
       Whip              |       |     7 |    62 ||    69
 Cast: Infusion          |     4 |    12 |     2 ||    18
       Shroud of Golubri |     2 |     6 |     1 ||     9
       Regeneration      |       |     7 |     3 ||    10
       Song of Slaying   |       |     1 |       ||     1
 Abil: Bat Form          |       |     8 |     8 ||    16
       End Transformatio |       |     8 |     7 ||    15
  Use: Potion            |     2 |     4 |     1 ||     7
       Scroll            |       |     3 |     1 ||     4
 Stab: Sleeping          |       |     8 |     3 ||    11
  Eat: Corpse            |       |     5 |     1 ||     6
Armor: Leather armour    |    35 |    86 |    23 ||   144
Dodge: Dodged            |    67 |   203 |    43 ||   313
       Rpst.: Falchion   |    24 |    33 |     2 ||    59
